AoeStats
← Topi-Petteri

Enclosed

506681152Analyzed
1v1 RM · 18d ago on Sep 14, 2026· 47m 28s· 2 players
Game mode
Random Map
Map size
Tiny (2 player)
Population
200
Speed
Normal
Resources
Standard
Victory
Conquest
Starting age
Dark Age
Ending age
Imperial Age
RankedLock teamsTeams togetherTeam positionsShared explorationLock speedFull tech treeHidden civsTurbo modeCheats
Victory
Defeat
🇫🇮 Poles · Finland
722
+17
🇷🇺 Cumans · Russia
738
-17
Topi-Petteri
10:22 Feudal Age
11:27 Man-at-Arms
13:06 Loom
16:53 Wheelbarrow
16:03 Town Watch
16:36 Scale Mail Armor
20:15 Double-Bit Axe
24:15 Castle Age
23:39 Scale Barding Armor
23:44 Forging
24:51 Bloodlines
24:52 Light Cavalry
25:34 Husbandry
26:12 Iron Casting
27:04 Chain Barding Armor
28:38 Hand Cart
29:47 Bow Saw
30:20 Horse Collar
31:11 Town Patrol
31:16 Gold Mining
36:42 Imperial Age
37:47 Chain Mail Armor
37:08 Winged Hussar
38:51 Blast Furnace
37:21 Long Swordsman
38:58 Plate Mail Armor
38:51 Conscription
40:08 Chemistry
39:15 Two-Handed Swordsman
40:38 Champion
ZhekaZheskach
11:53 Feudal Age
14:18 Man-at-Arms
19:07 Double-Bit Axe
19:39 Fletching
23:47 Bloodlines
24:07 Horse Collar
24:23 Stone Mining
28:15 Gold Mining
30:42 Castle Age
29:15 Forging
29:52 Padded Archer Armor
31:16 Town Watch
31:17 Loom
31:10 Pikeman
31:51 Squires
35:08 Wheelbarrow
34:53 Bow Saw
35:33 Iron Casting
36:49 Steppe Husbandry
42:02 Imperial Age
41:02 Ballistics
41:53 Heavy Plow
42:56 Masonry
42:45 Bodkin Arrow
43:06 Leather Archer Armor
42:34 Halberdier
43:42 Conscription
44:40 Two-Man Saw
Connection lost

Rejoining the realm…

Still unreachable

The connection could not be restored.

Session expired

The server has moved on; the page needs a fresh start.